 Dungeon Crawl Stone Soup version 0.21-a0-84-g85d6d27 (webtiles) character file.

16181 grindst0ne the Peltast (level 12, -15/106 HPs)
             Began as a Formicid Fighter on June 24, 2017.
             Was an Elder of Ru.
             Demolished by Snorg (18 damage)
             ... on level 11 of the Dungeon.
             The game lasted 00:26:02 (14120 turns).

grindst0ne the Peltast (Formicid Fighter)          Turns: 14120, Time: 00:26:03

Health: -15/106    AC: 20    Str: 21 (22) XL:     12   Next: 66%
Magic:  17/17      EV: 16    Int:  7 (8)  God:    Ru [****..]
Gold:   480        SH: 15    Dex: 17 (19) Spells: 11/11 levels left

rFire    x . .     SeeInvis +   X - +3 battleaxe
rCold    . . .     Gourm    .   c - +0 shield
rNeg     . . .     Faith    .   E - +0 chain mail
rPois    .         Spirit   .   (helmet unavailable)
rElec    .         Reflect  .   r - +2 cloak {+Inv}
rCorr    .         Harm     .   C - +2 pair of gloves
MR       +....                  e - +0 pair of boots
Stlth    ..........             (no amulet)
HPRegen  0.27/turn              O - +1 ring of evasion
MPRegen  0.15/turn              (no ring)

@: agile, no scrolls, flying
A: permanent stasis, dig shafts and tunnels, four strong arms, antennae 3,
repulsion field 1, cold resistance 1, robust 1, subdued magic 1, inability to
read while threatened, no stealth, temperature sensitive
a: Dig, Shaft Self, Draw Out Power, Power Leap, Renounce Religion, Evoke
Invisibility


You were on level 11 of the Dungeon.
You worshipped Ru.
Ru was greatly pleased with you.
You were hungry.

You visited 2 branches of the dungeon, and saw 12 of its levels.

You collected 480 gold pieces.

Inventory:

Hand Weapons
 R - a +1 dagger of flaming
 S - a +3 great sword
 X - a +3 battleaxe (weapon)
Armour
 c - a +0 shield (worn)
 e - a +0 pair of boots (worn)
 r - a +2 cloak of invisibility (worn)
 C - a +2 pair of gloves (worn)
 E - a +0 chain mail (worn)
 L - a +0 large shield
Jewellery
 a - an uncursed amulet of the gourmand {unknown}
 O - a +1 ring of evasion (left hand)
Wands
 d - a wand of polymorph (15/24)
 i - a wand of flame (6/48)
 t - a wand of flame (4/48)
 A - a wand of acid (0/15)
 J - a wand of scattershot (0/9)
 K - a wand of flame (9/48)
 P - a wand of lightning (6/15)
 V - a wand of iceblast (6/15)
 Z - a wand of iceblast (4/15)
Scrolls
 h - 5 scrolls of remove curse
 j - 9 scrolls of identify
 k - 2 scrolls of recharging
 l - 3 scrolls of teleportation
 n - 3 scrolls of noise {unknown}
 o - 3 scrolls of enchant armour {unknown}
 p - 3 scrolls of fog {unknown}
 q - 2 scrolls of random uselessness {unknown}
 u - 3 scrolls of enchant weapon {unknown}
 v - a scroll of blinking {unknown}
 y - 2 scrolls of magic mapping {unknown}
 G - a scroll of amnesia {unknown}
 M - 2 scrolls of fear {unknown}
 W - a scroll of brand weapon {unknown}
 Y - a scroll of immolation {unknown}
Potions
 z - a potion of magic
 D - a potion of haste
 F - 4 potions of flight
 I - 3 potions of degeneration
 Q - a potion of mutation
 T - a potion of brilliance {unknown}
 U - a potion of ambrosia {unknown}
Comestibles
 f - 6 bread rations
 g - 8 fruits
 m - 7 meat rations
 N - 10 royal jellies


   Skills:
 - Level 10.1 Fighting
 + Level 3.1 Axes
 - Level 10.1 Armour
 - Level 16.0 Shields
 - Level 7.3 Evocations


You had 11 spell levels left.
You didn't know any spells.

Dungeon Overview and Level Annotations

Branches:
Dungeon (11/15)            Temple (1/1) D:6            Lair (0/6) D:9
    Orc (0/2) D:10

Altars:
Ashenzari
Cheibriados
Dithmenos
Elyvilon
Fedhas
Gozag
Hepliaklqana
Kikubaaqudgha
Makhleb
Nemelex Xobeh
Okawaru
Qazlal
Ru
Sif Muna
Trog
Uskayaw
Vehumet
Wu Jian
Xom
Yredelemnul
Zin
The Shining One

Shops:
D:8 =

Annotations:
D:11 Snorg


Innate Abilities, Weirdness & Mutations

You cannot be hasted, slowed, berserked, paralysed or teleported.
You can dig through walls and to a lower floor.
Your four strong arms can wield two-handed weapons with a shield.
You have a pair of large antennae on your head. (SInv)
You cannot read scrolls while threatened.
You cannot be stealthy.
You are sensitive to extremes of temperature. (rF-, rC-)
You are surrounded by a mild repulsion field. (EV +2)
Your flesh is cold resistant. (rC+)
You are robust. (+10% HP)
Your spells are a little easier to cast, but a little less powerful.


Message History

Snorg claws you. Snorg bites you!
* * * LOW HITPOINT WARNING * * *
Snorg completely misses you. Snorg barely misses you.
Snorg rages.
Snorg closely misses you. Snorg misses you. Snorg closely misses you.
Snorg bites you!
* * * LOW HITPOINT WARNING * * *
Snorg claws you but does no damage. You block Snorg's attack.
It was a potion of flight.
You feel very buoyant.
You fly up into the air.
You block Snorg's attack. x2
Snorg claws you but does no damage.
It was a potion of degeneration.
There was something very wrong with that liquid.
You feel weakened.
You feel dopey.
You feel clumsy. Snorg bites you!!
* * * LOW HITPOINT WARNING * * *
You block Snorg's attack. Snorg barely misses you. Snorg bites you!!
You die...

#########
........# ##
#######.# ..
#....<#.# #.
....##@##.#
#.####### #T...#
..
#.......###.####
... ..##....##.#
.... #.##.#.....#
....###.##.##.####
.............>#
..........#####
......(..#.##


You could see Snorg (berserk).

Vanquished Creatures
  Josephine (D:10)
  3 two-headed ogres
  2 unseen horrors (D:10)
  A necromancer (D:10)
  The ghost of sergedm the Gouger, a novice FeTm of Uskayaw (D:9)
  A troll (D:10)
  A queen bee (D:10)
  4 flying skulls (D:10)
  A shadow (D:10)
  5 wraiths (D:10)
  6 yaks (D:10)
  The ghost of smhtbhfam the Cudgeler, an amateur OgSk (D:3)
  Grum (D:10)
  2 water moccasins
  A hornet zombie (D:10)
  7 orc warriors
  A phantom (D:9)
  2 sky beasts
  2 ice beasts
  2 necrophages
  4 ogres
  3 wolves (D:10)
  5 centaurs
  A big kobold (D:7)
  8 bullfrogs
  A gnoll sergeant (D:10)
  2 wyvern skeletons (D:10)
  5 scorpions
  3 water moccasin skeletons
  26 killer bees
  21 wights
  3 howler monkeys (D:8)
  4 crimson imps
  3 bullfrog zombies
  8 centaur skeletons
  2 centaur zombies
  6 hounds
  A gnoll shaman (D:7)
  12 orc wizards
  8 orc priests
  Crazy Yiuf (D:2)
  3 jellies
  3 bullfrog skeletons
  5 iguanas
  Natasha (thrice) (D:2)
  6 worker ants
  A killer bee zombie (D:5)
  A hound zombie (D:10)
  A hound skeleton (D:11)
  2 howler monkey skeletons
  3 worker ant zombies
  14 adders
  8 gnolls
  4 shadow imps
  2 oozes
  2 worms
  2 dart slugs
  3 leopard geckos
  33 orcs
  5 giant cockroaches
  13 goblins
  9 hobgoblins
  6 kobolds
  4 quokkas
  3 ball pythons
  7 bats
  6 frilled lizards
  A jackal zombie (D:7)
  11 rats
333 creatures vanquished.

Vanquished Creatures (others)
  Joseph (D:10)
  A meliai zombie (D:10)
  A centaur (D:7)
  A killer bee (D:10)
  A gnoll (D:7)
  An orc (D:7)
6 creatures vanquished.

Grand Total: 339 creatures vanquished

Notes
Turn   | Place    | Note
-------+----------+-------------------------------------------
     0 | D:1      | grindst0ne the Formicid Fighter began the quest for the Orb.
     0 | D:1      | Reached XP level 1. HP: 18/18 MP: 1/1
    58 | D:1      | Reached skill level 4 in Shields
    58 | D:1      | Reached XP level 2. HP: 22/24 MP: 2/2
   565 | D:1      | Reached XP level 3. HP: 29/29 MP: 3/3
   658 | D:2      | Found a hazy altar of Hepliaklqana.
   753 | D:2      | Found a faded altar of an unknown god.
   846 | D:2      | Reached skill level 5 in Shields
  1172 | D:2      | Reached XP level 4. HP: 16/35 MP: 4/4
  1615 | D:2      | Found a runed door.
  1636 | D:2      | Noticed Natasha
  1649 | D:2      | Killed Natasha
  1649 | D:2      | Reached skill level 6 in Shields
  1649 | D:2      | Noticed Natasha
  1657 | D:2      | Killed Natasha
  1657 | D:2      | Reached XP level 5. HP: 17/41 MP: 5/5
  1691 | D:2      | Noticed Natasha
  1703 | D:2      | HP: 2/41 [Natasha/magic dart (4)]
  1709 | D:2      | Killed Natasha
  2109 | D:2      | Noticed Crazy Yiuf
  2119 | D:2      | Killed Crazy Yiuf
  2119 | D:2      | Reached skill level 7 in Shields
  2614 | D:3      | Noticed smhtbhfam's ghost (amateur OgSk)
  2623 | D:2      | Reached XP level 6. HP: 26/47 MP: 6/6
  3078 | D:3      | Killed smhtbhfam's ghost
  3078 | D:3      | Reached skill level 5 in Armour
  3875 | D:3      | Reached XP level 7. HP: 52/52 MP: 7/7
  4639 | D:4      | Reached XP level 8. HP: 52/58 MP: 8/8
  4788 | D:5      | Entered Level 5 of the Dungeon
  5634 | D:5      | Reached skill level 10 in Armour
  5704 | D:5      | Reached XP level 9. HP: 42/64 MP: 10/10
  5927 | D:6      | Gained mutation: You are surrounded by a mild repulsion field. (EV +2) [potion of mutation]
  5927 | D:6      | Gained mutation: Your spells are a little easier to cast, but a little less powerful. [potion of mutation]
  5927 | D:6      | Gained mutation: You are robust. (+10% HP) [potion of mutation]
  5927 | D:6      | Gained mutation: Your flesh is cold resistant. (rC+) [potion of mutation]
  6284 | D:6      | Reached skill level 5 in Fighting
  6469 | D:6      | Found a staircase to the Ecumenical Temple.
  6491 | Temple   | Entered the Ecumenical Temple
  6826 | Temple   | Became a worshipper of Ru the Awakened
  6892 | D:6      | Reached skill level 5 in Evocations
  7616 | D:6      | Reached XP level 10. HP: 82/83 MP: 14/14
  8519 | D:7      | Gained mutation: You cannot read scrolls while threatened. [Ru sacrifice]
  8519 | D:7      | Reached * piety under Ru
  9610 | D:7      | Reached skill level 10 in Fighting
 10189 | D:8      | Found Ogiug's Jewellery Shop.
 10209 | D:8      | Reached skill level 8 in Shields
 10361 | D:8      | Noticed a two-headed ogre
 10365 | D:8      | Killed a two-headed ogre
 10365 | D:8      | Reached skill level 9 in Shields
 10365 | D:8      | Reached XP level 11. HP: 98/98 MP: 16/16
 10384 | D:8      | Gained mutation: You are sensitive to extremes of temperature. (rF-, rC-) [Ru sacrifice]
 10384 | D:8      | Reached ** piety under Ru
 10384 | D:8      | Reached *** piety under Ru
 10384 | D:8      | Reached **** piety under Ru
 10609 | D:8      | Reached skill level 10 in Shields
 10672 | D:9      | Found a staircase to the Lair.
 11016 | D:9      | Noticed sergedm's ghost (novice FeTm)
 11032 | D:9      | Killed sergedm's ghost
 11305 | D:9      | Reached skill level 11 in Shields
 11364 | D:10     | Entered Level 10 of the Dungeon
 11378 | D:10     | Noticed Josephine
 11378 | D:10     | Noticed a necromancer
 11443 | D:10     | Killed Josephine
 11443 | D:10     | Reached skill level 12 in Shields
 11450 | D:10     | Killed a necromancer
 11793 | D:10     | Noticed Joseph
 11821 | D:10     | Killed Joseph
 11821 | D:10     | Reached skill level 13 in Shields
 12232 | D:10     | Noticed a two-headed ogre
 12245 | D:10     | Killed a two-headed ogre
 12245 | D:10     | Reached XP level 12. HP: 58/106 MP: 17/17
 12487 | D:10     | Reached skill level 14 in Shields
 12656 | D:10     | Noticed an unseen horror
 12674 | D:10     | Killed an unseen horror
 12786 | D:10     | Noticed a two-headed ogre
 12806 | D:10     | Killed a two-headed ogre
 13043 | D:10     | Reached skill level 15 in Shields
 13598 | D:10     | Gained mutation: You cannot be stealthy. [Ru sacrifice]
 13689 | D:10     | Noticed an unseen horror
 13711 | D:10     | Killed an unseen horror
 13804 | D:10     | Noticed Grum
 13853 | D:10     | Reached skill level 16 in Shields
 13856 | D:10     | Killed Grum
 14002 | D:10     | Found a staircase to the Orcish Mines.
 14096 | D:11     | Noticed Snorg
 14120 | D:11     | HP: 3/106 [Snorg (19)]
 14120 | D:11     | Demolished by Snorg

Vault maps used:
D:1:      zaba_arrival_water
D:2:      old_standard_altar, chequers_ecumenical_altar_twisty,
          uniq_crazy_yiuf_cottage, uniq_natasha
D:3:      first_bread, minmay_goblin_outpost
D:5:      serial_corexii_hall, corexii_hall_statues_s, corexii_hall_statues_i,
          columned_hall_lemuel
D:6:      minmay_temple_entry_junction_2
D:7:      cheibrodos_fzero
D:8:      serial_shops, shop, minivault_5
D:9:      lair_entry_dummy
D:10:     hangedman_screamer, david_nohive_1, uniq_josephine, uniq_grum,
          uniq_joseph
D:11:     serial_shops, nicolae_shop_trees, uniq_snorg
Temple:   roderic_octagonal_lattice_temple

Skill      XL: |  1  2  3  4  5  6  7  8  9 10 11 12 |
---------------+-------------------------------------+-----
Shields        | 4 5 6 7 9 13 16 | 16.0
Armour         | 5 7 10 | 10.1
Evocations     | 2 6 7 |  7.3
Fighting       | 6 10 | 10.1
Axes           | 3 |  3.1

Action                   |  1- 3 |  4- 6 |  7- 9 | 10-12 || total
-------------------------+-------+-------+-------+-------++-------
Melee: War axe           |   104 |   117 |   364 |       ||   585
       Unarmed           |       |     2 |       |       ||     2
       Flail             |       |       |    61 |       ||    61
       Battleaxe         |       |       |    65 |   701 ||   766
       Great sword       |       |       |       |   217 ||   217
Invok: Sacrifice Words   |       |       |       |     1 ||     1
       Power Leap        |       |       |       |     1 ||     1
       Sacrifice Resista |       |       |       |     1 ||     1
       Draw Out Power    |       |       |       |     1 ||     1
       Sacrifice Stealth |       |       |       |     1 ||     1
 Abil: Dig               |       |     3 |    17 |    26 ||    46
Evoke: Wand              |       |     2 |       |    11 ||    13
  Use: Potion            |     1 |     2 |     4 |    16 ||    23
       Scroll            |       |     3 |     1 |     1 ||     5
 Stab: Invisible         |       |       |       |     2 ||     2
       Distracted        |       |       |       |     1 ||     1
  Eat: Chunk             |     1 |     9 |    15 |    23 ||    48
       Bread ration      |       |       |       |     1 ||     1
Armor: Scale mail        |    40 |    44 |    20 |       ||   104
       Chain mail        |       |       |   203 |   636 ||   839
       Skin              |       |       |    21 |       ||    21
Dodge: Dodged            |    46 |    37 |   126 |   509 ||   718
Block: Shield            |    53 |    71 |   272 |   911 ||  1307
       Rpst.: Great sword |       |       |       |    38 ||    38
